 Dungeon Crawl Stone Soup version 0.19.5 (webtiles) character file.

70798 Peloso the Peltast (level 14, -8/132 HPs)
             Began as a Minotaur Fighter on Apr 13, 2017.
             Was the Champion of Okawaru.
             Mangled by a hog (12 damage)
             ... led by Kirke
             ... on level 14 of the Dungeon.
             The game lasted 01:03:19 (21387 turns).

Peloso the Peltast (Minotaur Fighter)              Turns: 21387, Time: 01:03:19

Health: -8/132     AC:  0    Str: 24    XL:     14   Next: 95%
Magic:  0/13       EV: 16    Int:  5    God:    Okawaru [******]
Gold:   1325       SH:  0    Dex: 12    Spells: 0 memorised, 13 levels left

rFire  . . .     SeeInvis .     (weapon currently unavailable)
rCold  . . .     Gourm    .     (armour currently unavailable)
rNeg   . . .     Faith    .     (shield currently unavailable)
rPois  .         Spirit   +     (helmet currently unavailable)
rElec  .         Reflect  .     (cloak currently unavailable)
rCorr  .         Harm     .     (gloves currently unavailable)
MR     +....                    (boots currently unavailable)
Stlth  ++........               I - amulet of guardian spirit
                                (ring currently unavailable)
                                (ring currently unavailable)

@: pig-form, very quick
A: (retaliatory headbutt), (horns 0)
a: Heroism, Finesse, Renounce Religion


You were on level 14 of the Dungeon.
You worshipped Okawaru.
Okawaru was exalted by your worship.
You were not hungry.
You were a filthy swine.
You visited 3 branches of the dungeon, and saw 21 of its levels.
You also visited: Labyrinth, Sewer and Ice Cave.

You collected 1325 gold pieces.

Inventory:

Hand Weapons
 m - a +5 scimitar of flaming (melded)
 s - a +5 dagger of holy wrath
 v - a +6 scimitar of slicing
Armour
 b - a +0 cloak (melded)
 c - a +0 shield (melded)
 h - a +0 crystal plate armour of cold resistance (melded)
 C - a +2 hat
 D - the +0 pair of boots "Jicwinunn" (melded) {rF+ rCorr Int+3 Dex+2}
   (You found it in an ice cave)

   It affects your intelligence (+3).
   It affects your dexterity (+2).
   It protects you from fire.
   It protects you from acid and corrosion.
 Y - a +2 hat of see invisible (melded)
Jewellery
 a - a +3 ring of slaying (melded)
 y - the ring "Ked Woucs" (melded) {rElec rF+ Str+4}
   (You found it on level 9 of the Dungeon)

   [ring of protection from fire]

   It affects your strength (+4).
   It protects you from fire.
   It insulates you from electricity.
 z - a +3 ring of strength
 I - an amulet of guardian spirit (around neck)
 M - an uncursed ring of ice
Wands
 l - a wand of digging (10/24)
 G - a wand of polymorph (6/24)
 V - a wand of teleportation (3/9)
Scrolls
 e - 2 scrolls of fog
 g - 6 scrolls of teleportation
 i - 7 scrolls of recharging
 p - 3 scrolls of blinking
 q - 3 scrolls of identify
 u - 6 scrolls of remove curse
 w - a scroll of fear
 x - 2 scrolls of enchant armour {unknown}
Potions
 d - 2 potions of might
 n - a potion of flight
 o - 8 potions of heal wounds
 E - 2 potions of berserk rage {unknown}
 F - 2 potions of cancellation {unknown}
 H - 5 potions of curing
 K - 3 potions of invisibility
 L - 5 potions of lignification {unknown}
 W - 2 potions of ambrosia {unknown}
Books
 r - a book of Battle

   Spells                             Type                      Level
   a - Infusion                       Charms                       1
   b - Shroud of Golubria             Charms/Translocation         2
   c - Song of Slaying                Charms                       2
   d - Spectral Weapon                Hexes/Charms                 3
   e - Regeneration                   Charms/Necromancy            3
Comestibles
 f - 17 bread rations
 j - 3 fruits
 k - 8 meat rations
 t - 3 beef jerkies
 B - a slice of pizza
 J - 11 royal jellies


   Skills:
 + Level 14.0 Fighting
 + Level 16.4 Long Blades
 + Level 14.4 Armour
 + Level 4.3 Dodging
 + Level 1.5 Stealth
 + Level 16.6 Shields
 + Level 1.2 Invocations


You had 13 spell levels left.
You didn't know any spells.

Dungeon Overview and Level Annotations

Branches:
Dungeon (14/15)            Temple (1/1) D:7            Lair (6/6) D:8
  Swamp (0/4) Lair:2       Spider (0/4) Lair:4        Slime (0/5) Lair:5
    Orc (0/2) D:10
 Vaults: D:13-14

Altars:
Ashenzari
Cheibriados
Dithmenos
Elyvilon
Fedhas
Gozag
Hepliaklqana
Kikubaaqudgha
Makhleb
Nemelex Xobeh
Okawaru
Qazlal
Ru
Sif Muna
Trog
Uskayaw
Vehumet
Xom
Yredelemnul
Zin
The Shining One
Beogh
Jiyva

Shops:
D:5 (   D:9 }   D:10 ([   D:11 }

Annotations:
D:14 exclusion: Roxanne, Kirke, Roxanne


Innate Abilities, Weirdness & Mutations

((You reflexively headbutt those who attack you in melee.))
((You have a pair of horns on your head.))


Message History

Kirke is almost dead.
The sphinx hits you. x2; The sphinx barely misses you.
The hog barely misses you. Kirke hits you.
Unknown command.
You closely miss Kirke.
Kirke is almost dead.
The hog barely misses you.
The sphinx mumbles some strange words.
Something smites you!
* * * LOW HITPOINT WARNING * * *
Kirke hits you.
* * * LOW HITPOINT WARNING * * *
You hit Kirke.
Kirke is almost dead.
The hog closely misses you. The sphinx hits you!
* * * LOW HITPOINT WARNING * * *
The sphinx hits you!
* * * LOW HITPOINT WARNING * * *
The sphinx closely misses you. The hog bites you!
You die...

.........
........#
........#
........#
........#
........#
......H.#
.......h#
...[..#@hh#
####.
#hh..# ..
...#... ..
...###...
.. ....# ..
. ...%# .
##....


You could see Kirke, a sphinx and 4 hogs.

Vanquished Creatures
  2 acid blobs (Lair:5)
  A minotaur (Lab)
  Snorg (Lair:4)
  A centaur warrior (D:9)
  3 hydras
  A death knight (D:11)
  A tengu warrior (D:13)
  A queen ant (Lair:3)
  2 unseen horrors
  8 hill giants
  An orb spider (Lair:4)
  2 orc knights
  A deep elf mage (D:12)
  20 elephants
  A cyclops (D:13)
  5 black mambas
  6 gargoyles
  2 ice statues (IceCv)
  8 spiny frogs
  A freezing wraith (D:11)
  11 komodo dragons
  9 ice devils (IceCv)
  A yaktaur (D:13)
  2 trolls
  3 hornets (Lair:6)
  11 blink frogs
  11 dream sheep
  5 polar bears
  A slime creature (Lair:5)
  3 hippogriffs
  A redback (Lair:6)
  4 water elementals (D:13)
  13 spriggans (Lair:6)
  45 yaks
  4 wraiths
  A wyvern (Lair:5)
  Eustachio (D:5)
  A basilisk (Lair:5)
  7 hungry ghosts
  A mottled dragon (D:11)
  2 wargs (D:8)
  6 swamp worms (Lair:2)
  9 porcupines
  7 water moccasins
  17 soldier ants
  14 orc warriors
  5 sky beasts
  2 necrophages
  3 phantoms
  4 black bears
  6 ogres
  2 ice beasts (D:7)
  3 boggarts (Lair:6)
  34 wolves
  6 centaurs
  9 crocodiles
  3 big kobolds
  17 bullfrogs
  A gnoll sergeant (D:10)
  4 scorpions
  13 killer bees
  9 wights
  3 howler monkeys (D:7)
  7 electric eels
  3 quasits
  7 crimson imps
  A bullfrog zombie (D:12)
  2 centaur zombies
  7 orc priests
  7 hounds
  9 jellies
  2 centaur skeletons
  A gnoll shaman (D:7)
  A bullfrog skeleton (D:9)
  3 iguanas
  11 orc wizards
  44 worker ants
  Terence (D:3)
  A killer bee zombie (D:6)
  A hound zombie (D:9)
  A hound skeleton (D:9)
  Robin (D:3)
  A howler monkey zombie (D:10)
  A worker ant zombie (D:5)
  20 gnolls
  2 howler monkey skeletons
  16 adders
  6 shadow imps
  6 white imps (IceCv)
  10 ufetubi (IceCv)
  5 oozes (D:9)
  An adder skeleton (D:9)
  5 worms
  A dart slug (D:2)
  10 leopard geckos
  49 orcs
  A ball python (D:4)
  3 bats (D:2)
  9 giant cockroaches
  14 goblins
  12 hobgoblins
  8 jackals
  14 kobolds
  4 quokkas
  3 frilled lizards
  A leopard gecko skeleton (D:4)
  A quokka skeleton (D:4)
  7 rats
  2 fungi (Lair:6)
704 creatures vanquished.

Vanquished Creatures (others)
  A reaper (IceCv)
  2 white imps (IceCv)
  2 ufetubi (IceCv)
  5 fungi
  3 plants (Lair:3)
13 creatures vanquished.

Grand Total: 717 creatures vanquished

Notes
Turn   | Place    | Note
-------+----------+-------------------------------------------
     0 | D:1      | Peloso the Minotaur Fighter began the quest for the Orb.
     0 | D:1      | Reached XP level 1. HP: 19/19 MP: 0/0
   140 | D:1      | You fall through a shaft!
   167 | D:2      | Found a stormy altar of Qazlal.
   218 | D:2      | Reached XP level 2. HP: 27/27 MP: 1/1
   256 | D:2      | Reached XP level 3. HP: 31/33 MP: 2/2
   285 | D:2      | Found a radiant altar of Vehumet.
   363 | D:2      | Found a bloodstained altar of Trog.
   606 | D:2      | Found a blossoming altar of Fedhas.
   610 | D:2      | Reached XP level 4. HP: 34/40 MP: 3/3
  1158 | D:3      | Found a glowing drain.
  1173 | Sewer    | Entered a sewer
  1233 | Sewer    | Noticed a big kobold
  1251 | Sewer    | Killed a big kobold
  1251 | Sewer    | Reached XP level 5. HP: 34/47 MP: 4/4
  1281 | Sewer    | Found a white marble altar of Elyvilon.
  1412 | D:3      | Noticed Terence
  1421 | D:3      | Killed Terence
  1466 | D:3      | Reached skill level 5 in Shields
  1880 | D:3      | Reached skill level 1 in Dodging
  1962 | D:3      | Reached XP level 6. HP: 49/53 MP: 5/5
  1975 | D:3      | Noticed Robin
  1993 | D:3      | Killed Robin
  1993 | D:3      | Reached skill level 5 in Armour
  2311 | D:3      | Found a glowing silver altar of Zin.
  2389 | D:3      | Found a shimmering altar of Xom.
  2389 | D:3      | Found a burning altar of Makhleb.
  2404 | D:3      | Reached skill level 5 in Long Blades
  2753 | D:4      | Reached skill level 5 in Fighting
  2852 | D:4      | Found a basalt altar of Yredelemnul.
  3154 | D:4      | Found a sacrificial altar of Ru.
  3191 | D:5      | Entered Level 5 of the Dungeon
  3223 | D:5      | Reached XP level 7. HP: 56/61 MP: 6/6
  3320 | D:5      | Found a shadowy altar of Dithmenos.
  3375 | D:5      | Noticed Eustachio
  3412 | D:5      | Killed Eustachio
  3841 | D:5      | Found Nonuinol's Weapon Shoppe.
  3926 | D:6      | Reached XP level 8. HP: 58/69 MP: 7/7
  4472 | D:6      | Found a glowing golden altar of the Shining One.
  4652 | D:7      | Found a staircase to the Ecumenical Temple.
  4707 | Temple   | Entered the Ecumenical Temple
  4763 | Temple   | Became a worshipper of Warmaster Okawaru
  4807 | D:7      | Reached XP level 9. HP: 78/78 MP: 8/8
  4895 | D:7      | Reached * piety under Okawaru
  4920 | D:7      | Reached skill level 10 in Long Blades
  5165 | D:7      | Identified Sif Muna's Almanac of Toxic Stolen Souls
  5495 | D:7      | Noticed a hill giant
  5505 | D:7      | Killed a hill giant
  6114 | D:8      | Identified a scroll of acquirement
  6165 | D:8      | Found an opulent altar of Gozag.
  6236 | D:8      | Reached XP level 10. HP: 53/86 MP: 9/9
  6275 | D:8      | Found a flagged portal.
  6675 | D:8      | Reached ** piety under Okawaru
  6728 | D:8      | Found a staircase to the Lair.
  6757 | D:8      | Found a hazy altar of Hepliaklqana.
  7196 | D:9      | Reached skill level 1 in Stealth
  7344 | D:9      | Got a smoking pewter ring
  7362 | D:9      | Noticed a hill giant
  7426 | D:9      | Found Fytseiheag's Gadget Shop.
  7552 | D:9      | Killed a hill giant
  7552 | D:9      | Reached *** piety under Okawaru
  7552 | D:9      | Reached skill level 10 in Shields
  7636 | D:9      | Noticed a centaur warrior
  7647 | D:9      | Killed a centaur warrior
  7792 | D:9      | Identified the ring "Ked Woucs" {rElec rF+ Str+4} (You found it on level 9 of the Dungeon)
  7934 | D:9      | Reached **** piety under Okawaru
  8115 | D:10     | Entered Level 10 of the Dungeon
  8235 | D:10     | Noticed a hill giant
  8244 | D:10     | Killed a hill giant
  8244 | D:10     | Reached XP level 11. HP: 95/95 MP: 10/10
  8246 | D:10     | Found a sparkling altar of Nemelex Xobeh.
  8254 | D:10     | Noticed a hill giant
  8262 | D:10     | Killed a hill giant
  8291 | D:10     | Noticed an orc knight
  8450 | D:10     | Noticed an orc knight
  8499 | D:9      | Killed an orc knight
  8499 | D:9      | Reached ***** piety under Okawaru
  8710 | D:10     | Killed an orc knight
  8710 | D:10     | Reached skill level 10 in Armour
  8855 | D:10     | Found Ora Vuxi's Antique Weapon Shoppe.
  8979 | D:10     | Found Ypneduh's Armour Shoppe.
  9071 | D:10     | Found a roughly hewn altar of Beogh.
  9071 | D:10     | Found a staircase to the Orcish Mines.
  9722 | D:11     | Noticed a death knight
  9747 | D:11     | Killed a death knight
 10003 | D:11     | Found Noimmysaocs's Gadget Emporium.
 10020 | D:11     | Noticed a hill giant
 10030 | D:11     | Killed a hill giant
 10056 | D:11     | Noticed a hill giant
 10064 | D:11     | Killed a hill giant
 10183 | D:11     | Noticed a six-headed hydra
 10224 | D:11     | Noticed a hill giant
 10231 | D:11     | Killed a hill giant
 10231 | D:11     | Reached XP level 12. HP: 30/104 MP: 11/11
 10487 | Lair:1   | Entered Level 1 of the Lair of Beasts
 10502 | Lair:1   | Reached ****** piety under Okawaru
 10551 | Lair:1   | HP: 4/105 [komodo dragon (21)]
 11141 | Lair:1   | Received a gift from Okawaru
 12297 | Lair:2   | Reached skill level 10 in Fighting
 12548 | Lair:2   | Received a gift from Okawaru
 12636 | Lair:2   | You fall through a shaft for 2 floors!
 12690 | Lair:4   | Noticed Snorg
 12697 | Lair:4   | Killed Snorg
 12839 | Lair:4   | Found a frozen archway.
 12848 | IceCv    | Entered an ice cave
 13365 | IceCv    | Got a pair of ancient boots
 13376 | IceCv    | Identified the +0 pair of boots "Jicwinunn" {rF+ rCorr Int+3 Dex+2} (You found it in an ice cave)
 13533 | IceCv    | Killed a reaper
 14028 | Lair:4   | Reached XP level 13. HP: 112/116 MP: 12/12
 14106 | Lair:4   | Found a hole to the Spider Nest.
 14728 | Lair:3   | Received a gift from Okawaru
 14776 | Lair:3   | Reached skill level 15 in Long Blades
 15160 | Lair:3   | Identified the Reference Book on Hexes
 16076 | Lair:5   | Found a labyrinth entrance.
 16088 | Lab      | Entered a labyrinth
 16307 | Lab      | Noticed a minotaur
 16324 | Lab      | Killed a minotaur
 16324 | Lab      | Reached skill level 15 in Shields
 16343 | Lab      | Identified Annoly's Papyrus of Flying Bewitchment
 16347 | Lab      | Got a twitching bone ring
 16367 | Lab      | Identified the ring of the Two Names {*Corrode rF+ MP+9 Dex+2} (You found it in a labyrinth)
 16678 | Lair:5   | Found a runed door.
 16682 | Lair:5   | Found a viscous altar of Jiyva.
 16683 | Lair:5   | Found a staircase to the Slime Pits.
 16683 | Lair:5   | Noticed an acid blob
 16683 | Lair:5   | Noticed an acid blob
 16697 | Lair:5   | Killed an acid blob
 16705 | Lair:5   | Killed an acid blob
 16705 | Lair:5   | Reached XP level 14. HP: 84/127 MP: 11/13
 17119 | Lair:6   | Entered Level 6 of the Lair of Beasts
 17158 | Lair:6   | Received a gift from Okawaru
 17182 | Lair:6   | Reached skill level 1 in Invocations
 17555 | Lair:6   | Received a gift from Okawaru
 19002 | Lair:2   | Received a gift from Okawaru
 19110 | Lair:2   | Found a staircase to the Swamp.
 21355 | D:14     | Noticed Roxanne
 21371 | D:14     | Noticed Kirke
 21376 | D:14     | Noticed a sphinx
 21379 | D:14     | Paralysed by a sphinx for 5 turns
 21387 | D:14     | HP: 4/132 [sphinx[Kirke] (6)]
 21387 | D:14     | Mangled by a hog

Skill      XL: |  1  2  3  4  5  6  7  8  9 10 11 12 13 14 |
---------------+-------------------------------------------+-----
Armour         | 4 5 6 7 8 9 10 12 13 14 | 14.4
Fighting       | 4 5 6 7 8 9 11 12 14 | 14.0
Shields        | 4 5 6 7 8 10 12 13 15 16 | 16.6
Long Blades    | 3 4 5 7 9 10 12 14 15 16 | 16.4
Dodging        | 1 2 3 4 |  4.3
Stealth        | 1 |  1.5
Invocations    | 1 |  1.2

Action                   |  1- 3 |  4- 6 |  7- 9 | 10-12 | 13-15 || total
-------------------------+-------+-------+-------+-------+-------++-------
Melee: Long sword        |    71 |   186 |   136 |       |       ||   393
       Headbutt          |    16 |    29 |    80 |   204 |   251 ||   580
       Falchion          |       |       |   225 |   782 |       ||  1007
       Scimitar          |       |       |       |   101 |   790 ||   891
       Unarmed           |       |       |       |       |     3 ||     3
Invok: Heroism           |       |       |     2 |     2 |     2 ||     6
  Use: Potion            |       |     2 |     1 |     2 |     1 ||     6
       Scroll            |       |       |    10 |    14 |     1 ||    25
  Eat: Chunk             |       |     8 |    10 |    25 |    23 ||    66
       Fruit             |       |       |     2 |     3 |     5 ||    10
       Beef jerky        |       |       |       |     1 |       ||     1
Armor: Scale mail        |    26 |    94 |       |       |       ||   120
       Chain mail        |       |    10 |   127 |    61 |       ||   198
       Plate armour      |       |       |       |   214 |       ||   214
       Crystal plate arm |       |       |       |     4 |   333 ||   337
Dodge: Dodged            |    20 |    51 |    66 |   165 |   163 ||   465
Block: Shield            |    41 |   101 |   164 |   446 |   457 ||  1209
       Rpst.: Long sword |     8 |    11 |     7 |       |       ||    26
       Falchion          |       |       |     7 |    38 |       ||    45
       Scimitar          |       |       |       |     7 |    48 ||    55
